 Dungeon Crawl Stone Soup version 0.26-a0-812-g31a745ddcd (webtiles) character file.

Game seed: 5489276705537776330

65 graki42 the Skirmisher (level 3, -2/29 HPs)
             Began as a Mummy Fighter on Nov 23, 2020.
             Splashed by Ijyb's acid (12 damage)
             ... on level 3 of the Dungeon.
             The game lasted 00:03:47 (1877 turns).

graki42 the Skirmisher (Mummy Fighter)              Turns: 1877, Time: 00:03:48

Health: -2/29      AC:  2    Str: 19    XL:     3   Next: 94%
Magic:  3/3        EV:  7    Int:  8    God:
Gold:   83         SH: 14    Dex: 11    Spells: 2/2 levels left

rFire    x . .     SeeInvis .   a - +0 trident
rCold    + . .     Faith    .   c - +0 kite shield
rNeg     + + +     Spirit   .   b - +0 scale mail
rPois    ∞         Reflect  +   (no helmet)
rElec    .         Harm     .   (no cloak)
rCorr    .         Rampage  .   (no gloves)
MR       .....                  (no boots)
Stlth    ..........             j - amulet of reflection
HPRegen  0.09/turn              (no ring)
MPRegen  0.08/turn              (no ring)

@: corroded
A: no potions, fire vulnerability, cold resistance 1, negative energy resistance
3, torment resistance, unbreathing
a: no special abilities


You were on level 3 of the Dungeon.
You visited 1 branch of the dungeon, and saw 3 of its levels.

You collected 83 gold pieces.

Inventory:

Hand Weapons
 a - a +0 trident (weapon)
Armour
 b - a +0 scale mail (worn)
 c - a +0 kite shield (worn)
 l - a +0 chain mail
Jewellery
 j - an amulet of reflection (around neck)
Scrolls
 d - a scroll of blinking {unknown}
 e - 3 scrolls of identify {unknown}
 f - a scroll of amnesia {unknown}
 g - 2 scrolls of teleportation {unknown}
 h - a scroll of fog {unknown}
 i - a scroll of remove curse {unknown}
 k - a scroll of enchant weapon {unknown}


   Skills:
 + Level 3.6 Fighting
 + Level 2.1 Polearms
 + Level 2.9 Armour
 + Level 2.8 Shields


You had 2 spell levels left.
You didn't know any spells.
Your spell library was empty.

Dungeon Overview and Level Annotations

Branches:
Dungeon (3/15)

Altars:
Ashenzari
Gozag
Sif Muna
Trog
Wu Jian
Xom

Annotations:
D:3 Ijyb


Innate Abilities, Weirdness & Mutations

You do not drink.
Your flesh is vulnerable to fire.
You are immune to poison.
Your flesh is cold resistant. (rC+)
You are immune to negative energy. (rN+++)
You are immune to unholy pain and torment.
You can survive without breathing.


Message History

You miss Ijyb. Ijyb hits you but does no damage.
You barely miss Ijyb. You block Ijyb's attack.
You barely miss Ijyb. You block Ijyb's attack.
Ijyb zaps a wand.
The bolt of acid misses you.
You closely miss Ijyb. Ijyb hits you but does no damage.
You hit Ijyb.
Ijyb is lightly wounded.
You block Ijyb's attack.
You hit Ijyb.
Ijyb is moderately wounded.
You block Ijyb's attack.
You hit Ijyb but do no damage.
Ijyb is moderately wounded.
You block Ijyb's attack.
You hit Ijyb but do no damage.
Ijyb is moderately wounded.
Ijyb hits you but does no damage.
Ijyb zaps a wand.
The bolt of acid hits you!!
Ouch! That really hurt!
The acid corrodes you!
You are splashed with acid!
You die...

..###.#.######..#
. ....(....bw>.#.#
.#
###.##.####...##.#
#...........#
####†...#.###
#..<....[####
#..(.÷#.....###
#.....##.##...#
#.....##.@.###.
#)>(..####g#
#.##.## $..
####†#### ..##
##.......##[..
##.........###..
#...........# ##.
#..†.###....# .#
#...##y##...#


You could see Ijyb.

Vanquished Creatures
  2 oozes (D:1)
  3 worms
  2 leopard geckos
  A giant cockroach (D:1)
  5 goblins
  3 hobgoblins (D:2)
  3 jackals (D:1)
  4 kobolds
  A quokka (D:2)
  10 bats
  4 frilled lizards
  9 rats
47 creatures vanquished.

Notes
Turn   | Place    | Note
-------+----------+-------------------------------------------
     0 | D:1      | graki42 the Mummy Fighter began the quest for the Orb.
     0 | D:1      | Reached XP level 1. HP: 18/18 MP: 1/1
   155 | D:1      | Reached XP level 2. HP: 23/24 MP: 2/2
   495 | D:1      | Reached XP level 3. HP: 29/29 MP: 3/3
   749 | D:2      | Found a broken altar of Ashenzari.
   839 | D:2      | Found a shimmering blue altar of Sif Muna.
   850 | D:2      | Found a bloodstained altar of Trog.
   850 | D:2      | Found an ornate altar of the Wu Jian Council.
   854 | D:2      | Found a shimmering altar of Xom.
  1283 | D:2      | Found an opulent altar of Gozag.
  1658 | D:3      | Noticed a moth of wrath
  1660 | D:3      | Found a bloodstained altar of Trog.
  1866 | D:3      | Noticed Ijyb
  1877 | D:3      | Splashed by Ijyb's acid

Illustrated notes

Levels and vault maps discovered:
D:1:      psy_arrival_conway, layout_basic
D:2:      layout_loops_ring, grunt_gozag_statues,
          grunt_temple_overflow_cloverleaf, evilmike_ruin_ashenzari
D:3:      layout_rooms, tgw_trog, uniq_ijyb, uniq_crazy_yiuf_cottage

Skill      XL: |  1  2  3 |
---------------+----------+-----
Polearms       | 2 |  2.1
Fighting       | |  3.6
Armour         | |  2.9
Shields        | |  2.8

Action                   || total
-------------------------++-------
Melee: Trident           ||   164
Armor: Scale mail        ||    79
Dodge: Dodged            ||    50
Block: Kite shield       ||    79
       Reflection        ||     1

Table legend: (Time is in decaauts)
 A = Elapsed time spent in this place.
 B = Non-inter-level travel time spent in this place.
 C = Inter-level travel time spent in this place.
 D = Time resting spent in this place.
 E = Time spent auto-exploring this place.
 F = Levels seen in this place.
 G = Mean time per level.
                   A        B        C        D        E       F      G
               +--------+--------+--------+--------+--------+-----+--------+
         Total |   1929 |   1870 |     59 |    153 |   1374 |   3 |  643.0 |
       Dungeon |   1929 |   1870 |     59 |    153 |   1374 |   3 |  643.0 |
               +--------+--------+--------+--------+--------+-----+--------+

Top non-repeatable levels by time:
     D:2: 1064 daAuts
     D:1: 736 daAuts
     D:3: 128 daAuts
